 Dungeon Crawl Stone Soup version 0.32-a0-411-g744942f433 (webtiles) character file.

Game seed: 3512743608551720016

115195 cforsyth the Warrior (level 16, -28/211 HPs)
             Began as a Coglin Gladiator on Feb 20, 2024.
             Was the Champion of Wu Jian.
             Killed from afar by Arachne (57 damage)
             ... with a poison arrow
             ... on level 2 of the Spider Nest on Feb 21, 2024.
             The game lasted 01:07:41 (31967 turns).

cforsyth the Warrior (Coglin Gladiator)            Turns: 31967, Time: 01:07:41

Health: -28/211    AC: 37    Str: 10    XL:     16   Next: 68%
Magic:  16/16      EV:  1    Int: 11    God:    Wu Jian [******]
Gold:   4020       SH:  0    Dex: 23    Spells: 15/15 levels left

rFire   . . .        G - +2 double sword (holy) {Renate}
rCold   . . .        a - +1 double sword (protect) {Æðelind}
rNeg    + . .        P - +0 crystal plate armour "Ypi Vuy" {*Corrode rElec Regen+ Int+4}
rPois   .            J - +1 helmet of Impermeability {rN+ rCorr Str-4 SInv}
rElec   +            M - +0 cloak
rCorr   +            (no gloves)
SInv    +            K - +2 pair of boots
Will    +++..        X - amulet of regeneration Stlth
                     R - ring of resist corrosion
HPRegen 2.15/turn    W - ring of willpower
MPRegen 0.15/turn

%: corrode self (3%)
@: berserking (expiring), lethally poisoned (-28 -> -72), corroded, under a
protective aura, revving, very quick
A: off-hand wielding, slow wielding, warmup strikes, legs shutdown,
strong-willed 1, weak 1, subdued magic 1
a: Renounce Religion, Wall Jump, Serpent's Lash, Heavenly Storm


You were on level 2 of the Spider Nest.
You worshipped Wu Jian.
Wu Jian was exalted by your worship.
You visited 5 branches of the dungeon, and saw 25 of its levels.

You collected 4182 gold pieces.
You spent 162 gold pieces at shops.


Innate Abilities, Weirdness & Mutations

You can wield a second weapon in your off-hand.
It takes a long time for you to wield or remove held weapons.
Your first few attacks do less damage.
Attacking and casting redirects power from your legs.
You are strong-willed. (Will+)
You are weak. (Str -2)
Your spells are a little easier to cast, but a little less powerful.


   Skills:
 + Level 17.3 Fighting
 + Level 17.2 Long Blades
 - Level 1.7 Throwing
 + Level 15.6 Armour
 - Level 2.6 Dodging


You had 15 spell levels left.
You didn't know any spells.
Your spell library contained the following spells:

 Spells                   Type           Power      Damage    Failure   Level
 Foxfire                  Conj/Fire      0%         2x1d4     100%        1
 Sting                    Conj/Alch      0%         1d3       100%        1
 Blink                    Tloc           0%         N/A       100%        2
 Cigotuvi's Dreadful Rot  Necr/Alch/Air  0%         N/A       100%        2
 Lesser Beckoning         Tloc           0%         N/A       100%        2
 Mercury Vapours          Alch/Air       0%         N/A       100%        2
 Momentum Strike          Conj/Tloc      0%         3d8       100%        2
 Dazzling Flash           Conj/Hex       0%         N/A       100%        3
 Inner Flame              Hex/Fire       0%         N/A       100%        3
 Volatile Blastmotes      Fire/Tloc      0%         2d10      100%        3
 Cause Fear               Hex            0%         N/A       100%        4
 Dispel Undead            Necr           0%         3d6       100%        4
 Fulminant Prism          Conj/Alch      0%         3d5       100%        4
 Iskenderun's Mystic Bla  Conj/Tloc      0%         2d3       100%        4
 Martyr's Knell           Necr/Summ      0%         N/A       100%        4
 Olgreb's Toxic Radiance  Alch           0%         N/A       100%        4
 Fireball                 Conj/Fire      0%         3d3       100%        5
 Irradiate                Conj/Alch      0%         3d11      100%        5
 Death Channel            Necr           0%         N/A       100%        6
 Plasma Beam              Fire/Air       0%         2x1d10    100%        6
 Starburst                Conj/Fire      0%         6d3       100%        6
 Ignition                 Fire           0%         3d3       100%        8
 Maxwell's Capacitive Co  Air            0%         ∞         100%        8
 Dragon's Call            Summ           0%         N/A       100%        9

Inventory:

Hand Weapons
 a - a +1 double sword of protection (offhand) {Æðelind}
 w - the +4 rapier of the Swamp {flame, rPois rCorr Str+2}
   (You found it on level 4 of the Lair of Beasts)

   Str+2:     It affects your strength (+2).
   rPois:     It protects you from poison rCorr: It protects you from acid and
   corrosion.
 G - a +2 double sword of holy wrath (weapon) {Renate}
 Z - a +0 scimitar of flaming {Zavot}
Missiles
 u - 6 javelins
 V - 6 throwing nets (quivered) {=f}
Armour
 I - the +1 pair of boots of Nobrirchy {*Corrode Str+2 Int+4}
   (You found it on level 6 of the Dungeon)

   Str+2:     It affects your strength (+2).
   Int+4:     It affects your intelligence (+4).
   *Corrode:  It may corrode you when you take damage.
 J - the +1 helmet of Impermeability (worn) {rN+ rCorr Str-4 SInv}
   (You found it on level 7 of the Dungeon)

   Str-4:     It affects your strength (-4).
   rN+:       It protects you from negative energy.
   SInv:      It lets you see invisible.
   rCorr:     It protects you from acid and corrosion.
 K - a +2 pair of boots (worn)
 M - a +0 cloak (worn)
 P - the +0 crystal plate armour "Ypi Vuy" (worn) {*Corrode rElec Regen+ Int+4}
   (You acquired it on level 1 of the Spider Nest)

   Int+4:     It affects your intelligence (+4).
   rElec:     It insulates you from electricity.
   Regen+:    It increases your rate of health regeneration.
   *Corrode:  It may corrode you when you take damage.
Jewellery
 c - an amulet of reflection
 d - a +6 ring of dexterity
 v - a ring of see invisible
 E - a +5 ring of evasion
 F - a ring of protection from fire
 R - a ring of resist corrosion (left grasper)
 W - a ring of willpower (right grasper)
 X - an amulet of regeneration (around neck)
Wands
 m - a wand of flame (24)
 q - a wand of roots (5)
 y - a wand of digging (6)
 D - a wand of mindburst (8)
 L - a wand of paralysis (7)
Scrolls
 h - a scroll of silence {!r}
 i - 6 scrolls of enchant weapon {unknown}
 j - 9 scrolls of fog {unknown}
 k - 3 scrolls of fear
 n - 4 scrolls of blinking
 p - a scroll of brand weapon
 x - 3 scrolls of summoning
 z - 4 scrolls of poison
 A - 5 scrolls of revelation
 N - 3 scrolls of vulnerability
 Q - 4 scrolls of amnesia
 S - 7 scrolls of noise
 U - 4 scrolls of immolation
Potions
 b - 3 potions of resistance
 e - 2 potions of enlightenment {unknown}
 f - 3 potions of attraction
 g - 5 potions of mutation
 l - 9 potions of curing {@q1}
 r - 2 potions of heal wounds {@q2}
 s - 8 potions of haste {@q3}
 t - a potion of might
 B - 2 potions of lignification
 C - 2 potions of ambrosia
 H - 3 potions of brilliance
 O - a potion of cancellation
 T - 5 potions of berserk rage {!q}
Miscellaneous
 Y - a phial of floods

Dungeon Overview and Level Annotations

Branches:
Dungeon (15/15)            Temple (1/1) D:7            Lair (5/5) D:11
  Swamp (0/4) Lair:3       Spider (2/4) Lair:2        Slime (0/5) Lair:5
    Orc (2/2) D:9             Elf (0/3) Orc:2        Vaults (0/5) D:13
 Depths (0/4) D:15

Altars:
Ashenzari
Cheibriados
Dithmenos
Elyvilon
Fedhas
Gozag
Hepliaklqana
Kikubaaqudgha
Makhleb
Nemelex Xobeh
Okawaru
Qazlal
Ru
Sif Muna
Trog
Uskayaw
Vehumet
Wu Jian
Xom
Yredelemnul
Zin
The Shining One
Beogh
Jiyva

Shops:
D:5 ([*   D:11 !   Orc:1 :   Orc:2 [=*((

Annotations:
Lair:2 1 runed translucent door, zenocrate's ghost, journeyman KoDe
Spider:2 Arachne

.....## ##
.....#.#.###
...........#
#.........
#........
#.......####
#....s.##..##
#....s#....##
#....H@.>...#
#...........##
#.....##.....#
.......##..####
##....####.^####
### ##...
#.^^#.## ##..
####
#......######[^)
##.........##...
##^.....†^###..


You could see Arachne and 2 redbacks.


Message History

Unknown command.
Unknown command.
Unknown command.
The web tears apart.
You are no longer unable to travel.
You feel extremely sick. The redback bites you.
* * * LOW HITPOINT WARNING * * *
The redback completely misses you.
Arachne hits you with a staff of alchemy!
* * * LOW HITPOINT WARNING * * *
Arachne envenoms you!
* * * LOW HITPOINT WARNING * * *
You are more poisoned.
Unknown command.
Unknown command.
You are too berserk!
You spin and attack Arachne repeatedly.
You slice Arachne with your +2 double sword of holy wrath!!
Arachne is moderately wounded.
You slash Arachne with your +1 double sword of protection!
You barely miss Arachne with your +1 double sword of protection.
Arachne is moderately wounded.
You barely miss Arachne with your +2 double sword of holy wrath.
You feel very sick.
Arachne stares at you and mumbles some strange words.
The poison arrow hits you!!!
You are lethally poisoned!
You die...
Arachne says, "All wrapped up."

Skill      XL: |  1  2  3  4  5  6  7  8  9 10 11 12 13 14 15 16 |
---------------+-------------------------------------------------+-----
Armour         | 1 3 4 5 7 8 10 11 12 13 14 15 | 15.6
Fighting       | 4 5 6 8 9 11 12 14 15 16 17 | 17.3
Long Blades    | 4 5 7 8 10 11 12 14 15 16 17 | 17.2
Throwing       | |  1.7
Dodging        | |  2.6

Action                     |  1- 3 |  4- 6 |  7- 9 | 10-12 | 13-15 | 16-18 || total
---------------------------+-------+-------+-------+-------+-------+-------++-------
  Melee: Long sword        |    81 |   135 |   439 |   679 |       |       ||  1334
         Scimitar          |       |       |       |   372 |   245 |       ||   617
         Double sword      |       |       |       |   103 |  1311 |   464 ||  1878
         Rapier            |       |       |       |       |   231 |       ||   231
Ability: Lunge             |       |       |       |    25 |    51 |    13 ||    89
         Whirlwind         |       |       |       |    22 |    23 |    25 ||    70
  Evoke: Wand              |       |       |     5 |     7 |     5 |       ||    17
    Use: Potion            |       |       |     4 |     1 |       |     4 ||     9
         Scroll            |       |       |     1 |     6 |    19 |     6 ||    32
   Stab: Invisible         |       |       |     1 |       |       |       ||     1
         Distracted        |       |       |       |     1 |     1 |       ||     2
         Petrified         |       |       |       |       |     3 |       ||     3
 Armour: Leather armour    |    45 |       |       |    72 |       |       ||   117
         Chain mail        |    14 |    93 |   477 |   354 |   814 |   135 ||  1887
         Skin              |       |       |     4 |       |       |       ||     4
         Crystal plate arm |       |       |       |       |       |   198 ||   198
  Dodge: Dodged            |    56 |    47 |   192 |   394 |   526 |    80 ||  1295
  Block: Other             |       |       |       |    66 |    48 |       ||   114
         Reflection        |       |       |       |     9 |       |       ||     9

Levels and vault maps discovered:
D:1:      dpeg_arrival_prison, layout_basic, minmay_pentomino_u4
D:2:      layout_loops_corners, small_statue_intersection,
          mrwooster_statue_mirror
D:3:      layout_loops_cross, fiery_altar_vehumet, amcnicky_altar_gilded,
          chequers_garden, kennysheep_generic_room_13, uniq_grinder,
          uniq_jessica
D:4:      minmay_opposing_rooms, layout_rooms, minmay_misc_feat_columns
D:5:      layout_layer_cave, serial_shops, shop, nicolae_stop_n_shop_2, shop,
          serial_bayou, serial_bayou_pond_c, serial_bayou_crossing,
          serial_bayou_pond_e, serial_bayou_lagoon_a
D:6:      layout_basic, zin_angel, nicolae_sif_muna_condensation, uniq_maggie,
          uniq_pikel
D:7:      layout_basic, minmay_temple_entry_glassed_door, uniq_maurice
D:8:      layout_rooms, serial_ice, serial_ice_b, serial_ice_a, serial_ice_d,
          serial_ice_f, hex_tiny, uniq_erica
D:9:      layout_rooms, orc_0_dummy
D:10:     layout_irregular_city, jmf_multi_god_temple2, st_stairs_14,
          minmay_fractal_squares_diagonal_5
D:11:     kb_forest_paths, layout_basic, david_lair_shrubbed, serial_shops,
          shop, nicolae_concentric_dashed_squares_wild, grunt_ministairs_8,
          okawaru_metal_pillars_3
D:12:     layout_cave_pools, serial_park, serial_park_avenue1,
          serial_park_avenue1, serial_park_tiny_2, uniq_urug
D:13:     layout_rooms, hellmonk_vaults_order_and_chaos, uniq_snorg
D:14:     layout_rooms, nicolae_ru_sacrificial_ziggurat, roderic_lattice_a
D:15:     kennysheep_seaside_town, layout_basic, serial_park_tiny_2,
          uniq_josephine, uniq_nessos, uniq_rupert
Temple:   eino_temple_scatter_basement
Lair:1:   layout_cave_pods, grunt_forest_large_clearings
Lair:2:   statuecave_lemuel, layout_misc_corridors,
          nicolae_spider_entry_tight_spaces, ebering_ghost_xom
Lair:3:   layout_chaotic_city, swamp_mist_pool, ebering_ghost_disaster_area,
          pf_torpor_hydra, grunt_megastairs_1
Lair:4:   layout_roguey, serial_bayou_shore_b
Lair:5:   wormcave, layout_regular_city, hangedman_lair_in_review,
          nicolae_slime_entry_slimehenge, st_stairs_12, lemuel_fruit_fields
Spider:1: layout_spider_delve, hellmonk_motheaten_closet,
          hangedman_spider_tarantella_strand
Spider:2: nicolae_spider_mines_3, uniq_arachne
Orc:1:    layout_caves, nicolae_shop_vocational
Orc:2:    grunt_orc_cross, layout_diamond_mine, basic_altar, serial_shops,
          nicolae_shop_peninsula, nicolae_orc_beogh_chapel,
          nicolae_orc_rockfall, uniq_jorgrun

Notes
Turn   | Place    | Note
-------+----------+-------------------------------------------
     0 | D:1      | cforsyth the Coglin Gladiator began the quest for the Orb.
     0 | D:1      | Reached XP level 1. HP: 16/16 MP: 1/1
    95 | D:1      | Reached XP level 2. HP: 21/22 MP: 2/2
   304 | D:1      | Reached skill level 1 in Armour
   350 | D:1      | Reached XP level 3. HP: 28/28 MP: 3/3
  1112 | D:2      | Reached XP level 4. HP: 27/34 MP: 4/4
  1259 | D:2      | Reached skill level 3 in Fighting
  1882 | D:3      | Found a radiant altar of Vehumet.
  1883 | D:3      | Noticed Grinder
  1889 | D:3      | Reached skill level 2 in Armour
  1893 | D:3      | Paralysed by Grinder for 4 turns
  1913 | D:3      | Killed Grinder
  1914 | D:3      | Reached skill level 4 in Fighting
  1914 | D:3      | Reached skill level 4 in Long Blades
  1914 | D:3      | Reached skill level 3 in Armour
  1914 | D:3      | Reached XP level 5. HP: 25/42 MP: 5/5
  1914 | D:3      | Reached XP level 6. HP: 28/48 MP: 6/6
  2282 | D:3      | Found a shadowy altar of Dithmenos.
  2461 | D:3      | Noticed Jessica
  2470 | D:3      | Killed Jessica
  2754 | D:4      | Reached skill level 5 in Long Blades
  2766 | D:4      | Reached XP level 7. HP: 55/55 MP: 7/7
  3198 | D:4      | Reached skill level 5 in Fighting
  3249 | D:4      | Reached skill level 4 in Armour
  3707 | D:5      | Entered Level 5 of the Dungeon
  3724 | D:4      | Gained mutation: Your spells are a little easier to cast,
                  | but a little less powerful. [potion of mutation]
  3724 | D:4      | Gained mutation: You are strong-willed. (Will+) [potion of
                  | mutation]
  3724 | D:4      | Gained mutation: You are weak. (Str -2) [potion of
                  | mutation]
  3731 | D:4      | Reached XP level 8. HP: 29/63 MP: 8/8
  4023 | D:5      | Reached skill level 6 in Long Blades
  4362 | D:5      | Found Ithres's Antique Weapon Boutique.
  4984 | D:5      | You fall into a shaft and drop 1 floor!
  5009 | D:6      | Reached skill level 6 in Fighting
  5136 | D:5      | Found Joush's Assorted Antiques.
  5140 | D:5      | Reached skill level 5 in Armour
  5143 | D:5      | Bought a scroll labelled GENICH HYPACO for 24 gold pieces
  5274 | D:5      | Found Ojytal's Armour Shop.
  5978 | D:6      | Found a shimmering blue altar of Sif Muna.
  6289 | D:6      | Reached skill level 7 in Long Blades
  6403 | D:6      | Reached XP level 9. HP: 42/71 MP: 9/9
  6497 | D:6      | Identified the +1 pair of boots of Nobrirchy {*Corrode
                  | Str+2 Int+4}
  6538 | D:6      | Noticed an angel
  6542 | D:6      | Found a glowing silver altar of Zin.
  6600 | D:6      | Noticed Pikel
  6601 | D:6      | Noticed Maggie
  6778 | D:6      | HP: 6/71 [Maggie/+0 scimitar (7)]
  6781 | D:6      | Killed Maggie
  6782 | D:6      | Reached skill level 7 in Fighting
  6782 | D:6      | Reached skill level 6 in Armour
  7126 | D:7      | Killed Pikel
  7340 | D:7      | Identified the +1 helmet of Impermeability {rN+ rCorr Str-4
                  | SInv}
  7372 | D:7      | Reached skill level 8 in Long Blades
  7708 | D:7      | Reached skill level 8 in Fighting
  7986 | D:7      | Noticed Maurice
  7986 | D:7      | Paralysed by Maurice for 4 turns
  8008 | D:7      | Maurice stole a staff of cold {!a}
  8013 | D:7      | Maurice stole a +5 ring of evasion
  8014 | D:7      | Killed Maurice
  8015 | D:7      | Reached skill level 7 in Armour
  8015 | D:7      | Reached XP level 10. HP: 40/81 MP: 10/10
  8540 | D:7      | Found a staircase to the Ecumenical Temple.
  8631 | Temple   | Entered the Ecumenical Temple
  8644 | Temple   | Became a worshipper of the Wu Jian Council
  9288 | D:8      | Reached skill level 9 in Long Blades
  9345 | D:8      | Identified the +2 chain mail of Laygeisch {rElec rC- Dex+3}
  9630 | D:8      | Reached * piety under Wu Jian
  9631 | D:8      | Reached skill level 9 in Fighting
  9997 | D:8      | Reached skill level 8 in Armour
 10198 | D:8      | Noticed a gargoyle
 10211 | D:8      | Killed a gargoyle
 10684 | D:8      | Noticed Erica
 10694 | D:8      | Killed Erica
 10734 | D:9      | Found a staircase to the Orcish Mines.
 10797 | D:9      | Noticed an unseen horror
 10805 | D:9      | Reached skill level 10 in Long Blades
 10805 | D:9      | Reached XP level 11. HP: 85/90 MP: 11/11
 10843 | D:9      | Reached ** piety under Wu Jian
 10917 | D:9      | Reached skill level 10 in Fighting
 11463 | D:9      | Reached skill level 9 in Armour
 11580 | D:10     | Entered Level 10 of the Dungeon
 11873 | D:10     | Found an iron altar of Okawaru.
 11888 | D:10     | Found a blossoming altar of Fedhas.
 12700 | D:10     | Reached skill level 11 in Long Blades
 12831 | D:10     | Reached *** piety under Wu Jian
 13219 | D:11     | Reached skill level 11 in Fighting
 13297 | D:11     | Found Vibit's Distillery.
 13308 | D:11     | Found an iron altar of Okawaru.
 13560 | D:11     | Noticed a centaur warrior
 13560 | D:11     | Noticed a cyclops
 13564 | D:11     | Reached skill level 10 in Armour
 13571 | D:11     | Killed a centaur warrior
 13572 | D:11     | Reached XP level 12. HP: 68/100 MP: 12/12
 13871 | D:11     | Reached **** piety under Wu Jian
 13905 | D:11     | Found a staircase to the Lair.
 14465 | D:11     | Noticed a boulder beetle
 14493 | D:11     | Killed a boulder beetle
 14494 | D:11     | Reached skill level 12 in Fighting
 14494 | D:11     | Reached skill level 12 in Long Blades
 14901 | D:11     | Noticed a boulder beetle
 15123 | D:11     | Killed a boulder beetle
 15539 | D:11     | Identified 4 scrolls of acquirement
 15539 | D:11     | Acquired 1138 gold pieces
 15748 | D:10     | Acquired a +5 long sword of electrocution
 15751 | D:10     | Acquired a +2 double sword of holy wrath
 15778 | D:10     | Acquired a +1 double sword of protection
 15939 | D:11     | Reached skill level 11 in Armour
 16412 | D:12     | Noticed Urug
 16413 | D:12     | Noticed a centaur warrior
 16989 | D:12     | Killed a centaur warrior
 16990 | D:12     | Reached XP level 13. HP: 104/109 MP: 13/13
 17020 | D:12     | Killed Urug
 17156 | Lair:1   | Entered Level 1 of the Lair of Beasts
 17191 | Lair:1   | Reached skill level 13 in Long Blades
 17295 | Lair:1   | Reached skill level 13 in Fighting
 17302 | Lair:1   | Identified a potion of resistance
 17854 | Lair:1   | Reached ***** piety under Wu Jian
 17855 | Lair:1   | Reached skill level 12 in Armour
 18283 | Lair:2   | Found a hole to the Spider Nest.
 18612 | Lair:2   | Reached skill level 14 in Fighting
 18612 | Lair:2   | Reached skill level 14 in Long Blades
 18850 | Lair:2   | Found a runed translucent door.
 18851 | Lair:2   | Found a shimmering altar of Xom.
 18851 | Lair:2   | Noticed zenocrate's ghost (journeyman KoDe)
 18914 | Lair:2   | Reached XP level 14. HP: 112/120 MP: 14/14
 20361 | Lair:3   | Found a large runed translucent door.
 20361 | Lair:3   | Found a large runed translucent door.
 20364 | Lair:3   | Noticed yey's ghost (journeyman MDFi)
 20441 | Lair:3   | Found a staircase to the Swamp.
 20617 | Lair:3   | Found a runed translucent door.
 21161 | Lair:4   | Reached skill level 13 in Armour
 21270 | Lair:4   | Identified the +4 rapier of the Swamp {flame, rPois rCorr
                  | Str+2}
 21934 | Lair:5   | Entered Level 5 of the Lair of Beasts
 22240 | Lair:5   | Reached skill level 15 in Fighting
 22240 | Lair:5   | Reached skill level 15 in Long Blades
 22804 | Lair:5   | Found a staircase to the Slime Pits.
 22804 | Lair:5   | Found a viscous altar of Jiyva.
 23069 | Lair:5   | Reached XP level 15. HP: 89/129 MP: 15/15
 23439 | Lair:5   | Reached ****** piety under Wu Jian
 23650 | Lair:5   | Reached skill level 14 in Armour
 23975 | Lair:3   | Killed yey's ghost
 24470 | Orc:1    | Entered Level 1 of the Orcish Mines
 24688 | Orc:2    | Entered Level 2 of the Orcish Mines
 24901 | Orc:1    | You fall into a shaft and drop 1 floor!
 24998 | Orc:2    | Noticed Blork the orc
 25156 | Orc:2    | Killed Blork the orc
 25288 | Orc:2    | Found a roughly hewn altar of Beogh.
 25299 | Orc:2    | Found a roughly hewn altar of Beogh.
 25332 | Orc:2    | Found Pogocil's Antique Weapon Boutique.
 25438 | Orc:2    | Reached skill level 16 in Fighting
 25533 | Orc:2    | Noticed Saint Roka
 25583 | Orc:1    | Reached skill level 16 in Long Blades
 25645 | Orc:1    | Killed Saint Roka
 26078 | Orc:1    | Found Tonockiere's Vocational Training.
 26314 | Orc:2    | Noticed Jorgrun
 26328 | Orc:2    | Killed Jorgrun
 26337 | Orc:2    | Found a roughly hewn altar of Beogh.
 26592 | Orc:2    | Found Jely's Antique Armour Shoppe.
 26608 | Orc:2    | Found Moitori's Jewellery Shoppe.
 26625 | Orc:2    | Found Xeumow's Antique Weapon Shoppe.
 26676 | Orc:2    | Found Fefem's General Store.
 26682 | Orc:2    | Bought a scroll of blinking for 90 gold pieces
 26682 | Orc:2    | Bought a scroll of fear for 48 gold pieces
 26698 | Orc:2    | Found a staircase to the Elven Halls.
 27255 | D:13     | Noticed Snorg
 27265 | D:13     | Killed Snorg
 27382 | D:13     | Found a gate to the Vaults.
 27590 | D:14     | Found a sacrificial altar of Ru.
 28181 | D:14     | Reached XP level 16. HP: 105/139 MP: 16/16
 28278 | D:15     | Entered Level 15 of the Dungeon
 28357 | D:15     | Reached skill level 15 in Armour
 28531 | D:15     | Found a staircase to the Depths.
 28861 | D:15     | Noticed Josephine
 28882 | D:15     | Killed Josephine
 29102 | D:15     | Reached skill level 17 in Fighting
 29251 | D:15     | Identified the +0 helmet of Wu Jian's Grace {rC- Str+4}
 29912 | Spider:1 | Entered Level 1 of the Spider Nest
 30291 | Spider:1 | Reached skill level 17 in Long Blades
 30299 | Spider:1 | HP: 14/141 [burnt (16)]
 30301 | Spider:1 | HP: 3/141 [burnt (13)]
 30419 | Spider:1 | Identified the +0 robe of Neceod {rPois rF+ Str+6 Dex-4}
 30421 | Spider:1 | Identified the -2 hat of Uzydwair {rF+ Regen+}
 30539 | Spider:1 | Acquired the +0 crystal plate armour "Ypi Vuy" {*Corrode
                  | rElec Regen+ Int+4}
 31958 | Spider:2 | Noticed Arachne
 31967 | Spider:2 | Killed from afar by Arachne

Vanquished Creatures
  Saint Roka (Orc:1)
  Jorgrun (Orc:2)
  A ghost moth (Spider:1)
  An ironbound preserver (D:13)
  The ghost of yey the Genius of the Arcane, a journeyman MDFi of Sif Muna (Lair:3)
  Snorg (D:13)
  A fire dragon (D:15)
  An ettin (D:15)
  An entropy weaver (D:13)
  An ice dragon (Lair:5)
  2 rakshasas (D:15)
  8 hydras
  3 catoblepae
  5 centaur warriors
  5 boulder beetles
  Erica (D:8)
  13 death yaks
  An orc high priest (Orc:1)
  A demonic crawler (Spider:1)
  Urug (D:12)
  A hell knight (D:15)
  A skyshark (Lair:2)
  5 skeletal warriors (D:15)
  A flayed ghost (D:15)
  A deep troll (D:15)
  A sun moth (Spider:1)
  2 orb spiders
  4 orc knights
  Pikel (D:7)
  2 lindwurms (Lair:5)
  3 wolf spiders
  4 orc sorcerers
  6 ugly things
  6 cyclopes
  5 manticores
  A moth of wrath (Spider:1)
  Maurice (D:7)
  2 kobold blastminers (Orc:2)
  3 meliai
  4 black mambas
  8 torpor snails
  19 elephants
  Maggie (D:6)
  5 gargoyles
  An unseen horror (shapeshifter) (D:15)
  2 unseen horrors
  3 rime drakes
  A kobold demonologist (D:10)
  An efreet (D:15)
  9 cane toads
  A tengu conjurer (D:15)
  10 komodo dragons
  3 polar bears
  7 trolls
  4 tyrant leeches (Lair:5)
  A tarantella (shapeshifter) (D:15)
  Grinder (D:3)
  10 hornets
  9 blink frogs
  7 dream sheep
  4 tarantellas
  15 slime creatures
  9 spriggans
  11 jumping spiders
  A centaur simulacrum (D:15)
  3 shadows (D:12)
  40 yaks
  4 culicivoras
  4 wraiths
  5 wyverns
  3 water elementals (D:15)
  8 basilisks
  A steam dragon (D:6)
  3 wargs (Orc:1)
  16 redbacks
  14 vampire mosquitoes
  17 water moccasins
  4 acid dragons
  A water moccasin (shapeshifter) (D:15)
  4 black bears
  30 orc warriors
  3 ice beasts
  A sky beast (D:6)
  8 ogres
  12 centaurs
  7 wolves
  3 lemures
  A phantom (D:7)
  3 kobold brigands
  12 bullfrogs
  A scorpion (D:7)
  5 wights (D:9)
  15 killer bees
  4 howler monkeys
  2 electric eels
  3 lava snakes (D:15)
  A bombardier beetle (D:5)
  6 jellies
  16 orc priests
  2 hounds
  2 gnoll boudas
  2 sleepcaps
  Jessica (D:3)
  3 iguanas
  22 orc wizards
  5 gnolls
  11 adders
  A shadow imp (D:7)
  3 white imps
  A howler monkey simulacrum (D:8)
  7 ufetubi
  3 ribbon worms
  4 dart slugs
  80 orcs
  4 ball pythons
  14 endoplasms
  2 giant cockroaches
  8 goblins
  15 hobgoblins
  9 jackals
  2 quokkas
  2 bats (D:1)
  2 frilled lizards (D:3)
  20 kobolds
  7 rats
739 creatures vanquished.

Vanquished Creatures (collateral kills)
  Josephine (D:15)
  2 wraiths (D:15)
  An electric eel (D:15)
4 creatures vanquished.

Vanquished Creatures (others)
  A culicivora (Spider:2)
  Blork the orc (Orc:2)
2 creatures vanquished.

Grand Total: 745 creatures vanquished

Table legend: (Time is in decaauts)
 A = Elapsed time spent in this place.
 B = Non-inter-level travel time spent in this place.
 C = Inter-level travel time spent in this place.
 D = Time resting spent in this place.
 E = Time spent auto-exploring this place.
 F = Levels seen in this place.
 G = Mean time per level.
                   A        B        C        D        E       F      G
               +--------+--------+--------+--------+--------+-----+--------+
         Total |  33312 |  31586 |   1726 |   6716 |  18819 |  25 | 1332.5 |
       Dungeon |  21255 |  20075 |   1180 |   4136 |  12281 |  15 | 1417.0 |
        Temple |     29 |     15 |     14 |      0 |      0 |   1 |   29.0 |
          Lair |   7352 |   6981 |    371 |    656 |   4864 |   5 | 1470.4 |
   Spider Nest |   2050 |   1987 |     63 |   1037 |    651 |   2 | 1025.0 |
  Orcish Mines |   2624 |   2527 |     97 |    887 |   1022 |   2 | 1312.0 |
               +--------+--------+--------+--------+--------+-----+--------+

Top non-repeatable levels by time:
    D:11: 3377 daAuts
     D:7: 2250 daAuts
     D:5: 2116 daAuts
    D:10: 1990 daAuts
  Lair:5: 1903 daAuts
Spider:1: 1747 daAuts
  Lair:2: 1738 daAuts
   Orc:2: 1561 daAuts
    D:15: 1537 daAuts
  Lair:3: 1363 daAuts
     D:8: 1363 daAuts
  Lair:1: 1344 daAuts
     D:6: 1329 daAuts
     D:4: 1217 daAuts
     D:3: 1100 daAuts

Table legend:
 A = Non-vault XP
 B = Vault XP
 C = Vault XP percentage of total XP
 D = Non-vault monster count
 E = Vault monster count
 F = Vault count percentage of total count
                 A         B        C        D         E       F
            +---------+---------+-------+---------+---------+-------
      Total |  102693 |   61872 |  37.6 |     550 |     192 |  25.9
            +---------+---------+-------+---------+---------+-------
        D:1 |      57 |      13 |  18.6 |      19 |       6 |  24.0
        D:2 |      66 |       0 |   0.0 |      18 |       0 |   0.0
        D:3 |     117 |     332 |  73.9 |      22 |       4 |  15.4
        D:4 |     472 |     235 |  33.2 |      16 |       9 |  36.0
        D:5 |     447 |       0 |   0.0 |      18 |       0 |   0.0
        D:6 |     945 |     425 |  31.0 |      13 |       1 |   7.1
        D:7 |    1374 |    1156 |  45.7 |      33 |       2 |   5.7
        D:8 |    1679 |    1661 |  49.7 |      31 |       9 |  22.5
        D:9 |    2283 |     435 |  16.0 |      32 |       1 |   3.0
       D:10 |    3346 |    1797 |  34.9 |      27 |       8 |  22.9
       D:11 |    5305 |    6000 |  53.1 |      22 |      23 |  51.1
       D:12 |    4575 |     785 |  14.6 |      15 |       1 |   6.2
       D:13 |    1391 |    3029 |  68.5 |       4 |       3 |  42.9
       D:14 |    5931 |       0 |   0.0 |      15 |       0 |   0.0
       D:15 |   12009 |    8026 |  40.1 |      29 |      16 |  35.6
     Lair:1 |    9373 |     216 |   2.3 |      37 |       1 |   2.6
     Lair:2 |   15153 |    1359 |   8.2 |      33 |       7 |  17.5
     Lair:3 |    2988 |    2593 |  46.5 |      11 |       5 |  31.2
     Lair:4 |   10076 |     733 |   6.8 |      31 |       2 |   6.1
     Lair:5 |    8608 |   17920 |  67.6 |      25 |      48 |  65.8
   Spider:1 |    6806 |    1459 |  17.7 |      20 |       3 |  13.0
   Spider:2 |    3691 |    2778 |  42.9 |      10 |       9 |  47.4
      Orc:1 |    1423 |    6908 |  82.9 |      19 |      13 |  40.6
      Orc:2 |    4578 |    4012 |  46.7 |      50 |      21 |  29.6
            +---------+---------+-------+---------+---------+-------
